Map: Bridgehead LE (Void)

Players

State - Winner!

  • Race: Protoss Protoss
  • League: Diamond

LiquidSnute (Snute)

  • Race: Zerg Zerg
  • League: Grandmaster

Event: Team Gravity's Fight Night #37

VOD

https://youtu.be/T6TAOjOoSBY?t=2m13s

Description

You might be wondering: what type of all-in starts with economic cheese? The type that wants to have a sustained attack as soon as possible, that's what.

In this game, Snute cuts corners and goes for almost pure Drones for the first 4 minutes of the game. This allows him to get up to 6 Extractors and spread Drones across 3 mineral lines before he lines up his attack. From there, he streams Roaches and Ravagers across the map to bust down walls and forcefields to force his way into the Protoss base.

On the flipside, State played it safe opening Gateway first, then getting his Nexus afterwards. WIth a quick +1 attack, he also gets his 3rd base quickly after scouting Snute's greedy build, and then into Blink.

When the Ravagers attack, State already has his simcity in place with Gateways clogging up the entry into his 3rd base, so despite being down at times 70 to 15 army supply, Snute has difficulty finding space to push in. State continues to build pylons to power his Gateways and for the Overcharge.

With Blink up, though, State makes a great hold: his 3 base economy (with more Probes than Snute has Drones) allows him to slowly get back into the game while Snute's slow Roaches walk across the map. The battle continues on for minutes, but State keeps his 3rd base alive and evens the supply count. When the pressure begins to lighten, State is able to push for a 4th base as his minerals begin to run out his in main. When the supplys even up, he traps Snute's army and pushes across for the win.

Time

  • Played on: Oct. 31, 2015, 6:23 p.m.
  • Length: 14:27

All games in this series

Show
View Real Time Build Order
Export as new Build Order

State Protoss - Winner!

Build Orders: 1 Gate Expand 

Get SALT Encoding   

  12  0:01  Probe (Chrono Boost)  
  13  0:15  Pylon  
  13  0:17  Probe (Chrono Boost)  
  14  0:28  Probe (Chrono Boost)  
  15  0:35  Gateway  
  15  0:39  Probe (Chrono Boost)  
  16  0:45  Assimilator  
  16  0:49  Probe (Chrono Boost)  
  17  1:00  Probe (Chrono Boost)  
  18  1:10  Probe (Chrono Boost)  
  19  1:21  Probe (Chrono Boost)  
  20  1:26  Nexus  
  20  1:31  Probe (Chrono Boost)  
  21  1:37  Assimilator  
  21  1:44  Cybernetics Core  
  21  1:47  Probe (Chrono Boost)  
  21  1:53  Pylon  
  22  1:58  Probe (Chrono Boost)  
  23  2:11  Probe (Chrono Boost)  
  24  2:21  Stalker, Warp Gate  
  24  2:22  Mothership Core (Chrono Boost)  
  28  2:34  Forge  
  28  2:38  Probe (Chrono Boost)  
  28  2:41  Probe (Chrono Boost)  
  30  2:49  Probe (Chrono Boost)  
  30  2:51  Sentry, Probe (Chrono Boost)  
  34  3:00  Probe (Chrono Boost)  
  34  3:02  Probe (Chrono Boost)  
  36  3:08  Protoss Ground Weapons Level 1 (Chrono Boost)  
  36  3:10  Probe (Chrono Boost)  
  36  3:12  Probe (Chrono Boost)  
  38  3:17  Sentry  
  40  3:23  Probe (Chrono Boost)  
  40  3:25  Nexus  
  41  3:27  Probe (Chrono Boost)  
  41  3:33  Probe (Chrono Boost)  
  43  3:38  Probe (Chrono Boost), Pylon  
  44  3:42  Pylon  
  44  3:44  Sentry  
  46  3:56  Twilight Council, Probe x2 (Chrono Boost)  
  46  3:59  Gateway  
  48  4:05  Gateway  
  48  4:06  Phoenix  
  48  4:08  Photon Cannon  
  48  4:09  Probe (Chrono Boost)  
  49  4:11  Probe (Chrono Boost)  
  50  4:20  Probe (Chrono Boost)  
  50  4:21  Probe (Chrono Boost)  
  50  4:22  Blink  
  52  4:29  Gateway  
  52  4:30  Stalker  
  54  4:32  Probe x2 (Chrono Boost)  
  54  4:37  Probe (Chrono Boost)  
  56  4:43  Probe  
  56  4:44  Probe  
  59  4:47  Gateway  
  59  4:48  Probe  
  59  4:49  Gateway  
  60  4:55  Probe  
  60  4:56  Probe  
  60  4:58  Probe, Pylon  
  62  5:04  Protoss Ground Weapons Level 2 (Chrono Boost)  
  63  5:08  Stalker x2  
  63  5:10  Probe x2  
  69  5:14  Probe  
  69  5:16  Pylon  
  70  5:22  Pylon  
  70  5:30  Stalker  
  70  5:34  Stalker  
  72  5:37  Probe x2  
  72  5:39  Assimilator x2  
  72  5:42  Zealot x3  
  80  5:48  Sentry, Gateway  
  82  5:50  Gateway  
  82  5:51  Gateway  
  80  5:59  Stalker  
  80  6:01  Probe x2  
  74  6:07  Probe  
  74  6:08  Stalker  
  77  6:13  Probe x2  
  77  6:16  Pylon  
  77  6:17  Pylon  
  77  6:19  Pylon x2  
  77  6:22  Stalker x2  
  77  6:24  Zealot x2  
  83  6:32  Stalker  
  85  6:45  Pylon x2  
  85  6:46  Probe x2  
  87  6:47  Stalker x2  
  87  6:48  Stalker x2  
  83  7:01  Stalker  
  83  7:05  Stalker  
  87  7:08  Pylon  
  87  7:09  Pylon  
  87  7:12  Stalker x3  
  89  7:18  Stalker  
  89  7:20  Probe  
  92  7:26  Stalker  
  86  7:30  Stalker  
  86  7:36  Stalker x3  
  86  7:37  Probe  
  85  7:38  Probe x2  
  85  7:42  Stalker  
  84  7:45  Gateway  
  84  7:47  Gateway  
  84  7:48  Probe  
  84  7:50  Probe  
  79  7:55  Stalker x2  
  81  7:58  Pylon  
  81  8:00  Pylon  
  81  8:05  Stalker x2  
  81  8:07  Zealot x2  
  85  8:15  Probe x2  
  85  8:16  Assimilator  
  85  8:17  Zealot, Assimilator  
  85  8:19  Pylon  
  85  8:22  Probe  
  85  8:23  Pylon  
  85  8:27  Probe  
  80  8:28  Stalker x3  
  80  8:29  Stalker  
  80  8:32  Probe  
  80  8:34  Probe  
  88  8:35  Gateway x2  
  88  8:38  Stalker  
  88  8:39  Probe  
  91  8:45  Probe  
  91  8:46  Probe  
  90  8:59  Stalker x2  
  90  9:00  Zealot x3  
  98  9:07  Stalker  
  98  9:08  Stalker  
  102  9:14  Nexus  
  98  9:19  Stalker x2  
  98  9:22  Probe x2  
  96  9:30  Stalker x2  
  96  9:31  Zealot  
  99  9:37  Stalker, Zealot x3  
  97  9:43  Stalker  
  91  9:48  Zealot  
  91  9:49  Probe x2  
  93  9:55  Gateway x2  
  91  10:01  Pylon  
  91  10:02  Stalker  
  91  10:03  Stalker x3  
  91  10:05  Sentry  
  91  10:06  Sentry  
  103  10:14  Gateway  
  102  10:16  Stalker  
  104  10:21  Pylon  
  104  10:28  Stalker x3  
  99  10:41  Stalker x3  
  103  10:48  Sentry  
  103  10:49  Sentry  
  110  10:55  Stalker x3  
  110  10:56  Zealot  
  115  11:01  Sentry, Zealot x2  
  121  11:07  Stalker x2  
  111  11:18  Stalker x2  
  111  11:19  Stalker  
  99  11:37  Photon Cannon  
  99  11:39  Photon Cannon  
  102  11:40  Gateway x2  
  102  11:42  Robotics Facility  
  102  11:45  Probe x2  
  101  11:51  Sentry x4  
  101  11:53  Sentry  
  111  11:55  Zealot x2  
  111  11:59  Gateway  
  115  12:02  Gateway  
  115  12:06  Pylon  
  115  12:09  Assimilator x2  
  115  12:14  Pylon  
  115  12:18  Stalker x3  
  115  12:19  Sentry  
  123  12:33  Observer (Chrono Boost)  
  123  12:34  Stalker x4  
  132  12:40  Protoss Ground Armor Level 1 (Chrono Boost)  
  132  12:45  Stalker x3  
  138  12:52  Warp Prism  
  140  12:58  Stalker x3  
  146  13:08  Stalker  
  146  13:10  Pylon  
  146  13:11  Pylon  
  148  13:13  Pylon  
  148  13:20  Pylon  
  148  13:21  Photon Cannon  
  148  13:26  Photon Cannon  
  145  13:27  Adept  
  145  13:28  Adept x2  
  147  13:37  Probe x2  
  116  13:56  Probe  
  116  13:58  Probe x3  
  106  14:07  Probe  
  97  14:10  Probe x3  
  97  14:15  Sentry x7  
  97  14:16  Stalker x2  
Show
View Real Time Build Order
Export as new Build Order

LiquidSnute Zerg 

Build Orders: 3 Hatch before Pool, Ravager All-In 

Get SALT Encoding   

  12  0:00  Drone  
  13  0:12  Overlord  
  13  0:17  Drone  
  14  0:30  Drone x2  
  14  0:34  Drone  
  17  0:52  Hatchery  
  17  0:54  Drone  
  17  0:57  Drone  
  18  1:18  Hatchery  
  17  1:19  Drone  
  18  1:34  Spawning Pool  
  18  1:36  Drone  
  18  1:39  Drone  
  19  1:42  Drone  
  20  1:49  Drone  
  21  2:00  Drone  
  22  2:05  Drone  
  23  2:10  Overlord  
  23  2:15  Drone  
  24  2:20  Queen  
  24  2:21  Queen  
  28  2:29  Queen  
  28  2:30  Drone x3  
  28  2:35  Overlord  
  33  2:37  Drone  
  33  2:41  Drone  
  33  2:43  Drone  
  36  2:48  Drone  
  37  2:51  Drone  
  37  2:54  Drone  
  39  2:59  Zergling x2  
  39  3:02  Queen  
  42  3:06  Queen  
  42  3:09  Overlord  
  42  3:10  Drone x2  
  46  3:13  Drone  
  46  3:15  Drone  
  46  3:19  Drone  
  49  3:24  Overlord  
  49  3:26  Drone, Extractor  
  49  3:27  Extractor  
  49  3:28  Extractor  
  49  3:29  Drone x3, Extractor  
  49  3:31  Drone x2  
  49  3:32  Drone, Extractor  
  51  3:34  Extractor  
  51  3:37  Roach Warren  
  51  3:38  Drone  
  51  3:40  Drone  
  51  3:42  Drone  
  51  3:43  Drone  
  51  3:45  Drone  
  51  3:47  Drone  
  55  3:49  Drone  
  55  3:50  Drone  
  57  3:58  Overlord  
  57  3:59  Overlord  
  57  4:03  Metabolic Boost  
  57  4:05  Overlord  
  57  4:17  Roach  
  57  4:18  Roach x3  
  67  4:24  Roach x2  
  67  4:29  Roach x2  
  73  4:36  Overlord  
  73  4:38  Ravager x4  
  77  4:42  Roach  
  77  4:43  Roach  
  77  4:44  Ravager  
  82  4:46  Ravager  
  82  4:47  Overlord  
  82  4:50  Ravager  
  84  4:58  Ravager  
  85  5:00  Overlord, Roach  
  85  5:01  Roach x2  
  85  5:06  Ravager  
  92  5:08  Ravager  
  92  5:14  Roach x3  
  99  5:19  Zergling x2  
  99  5:20  Zergling x8  
  104  5:30  Roach  
  104  5:31  Roach x3  
  104  5:34  Roach  
  108  5:37  Ravager  
  108  5:38  Ravager x2  
  108  5:39  Ravager  
  112  5:50  Roach  
  112  5:51  Overlord  
  112  5:52  Overlord  
  99  6:04  Roach  
  99  6:05  Roach x5  
  99  6:08  Ravager  
  99  6:10  Zergling x6  
  113  6:20  Roach x3  
  113  6:22  Ravager x2  
  113  6:23  Ravager  
  113  6:24  Ravager  
  118  6:34  Roach  
  118  6:35  Roach x3  
  123  6:45  Ravager x2  
  122  6:52  Ravager  
  122  6:53  Roach x3  
  126  6:59  Ravager x2  
  121  7:03  Roach x3  
  126  7:09  Ravager x2  
  126  7:10  Zergling x4  
  126  7:11  Overlord x2, Zergling x4  
  120  7:23  Ravager x3  
  120  7:25  Roach x4  
  126  7:30  Ravager  
  126  7:33  Roach x2  
  126  7:34  Roach  
  126  7:38  Roach  
  126  7:39  Roach  
  126  7:41  Ravager  
  123  7:50  Ravager x2  
  119  7:53  Roach x3  
  125  8:04  Roach x4  
  127  8:06  Ravager  
  119  8:16  Ravager  
  119  8:18  Roach x4  
  125  8:24  Roach x2  
  120  8:27  Ravager x2  
  120  8:30  Zergling x2  
  120  8:31  Zergling x4  
  120  8:32  Ravager  
  118  8:45  Zergling x6  
  119  8:50  Zergling x2  
  119  8:54  Ravager x4  
  116  8:57  Zergling x4  
  116  9:03  Roach x3  
  116  9:09  Ravager  
  121  9:10  Ravager x2  
  121  9:11  Zergling x2  
  121  9:14  Zergling x4  
  119  9:19  Roach  
  120  9:27  Roach  
  120  9:28  Roach  
  113  9:34  Roach x6  
  113  9:35  Roach x2  
  113  9:37  Zergling x2  
  115  9:39  Zergling x4  
  108  9:47  Roach  
  108  9:48  Roach  
  108  9:50  Roach  
  108  9:52  Ravager  
  112  9:56  Roach  
  114  10:04  Ravager  
  114  10:05  Ravager x6  
  121  10:18  Roach x3  
  121  10:19  Roach x4  
  135  10:25  Roach x3  
  124  10:36  Roach  
  124  10:37  Roach x3  
  118  10:43  Ravager x2  
  118  10:44  Ravager  
  118  10:46  Ravager  
  118  10:48  Zergling x2  
  118  10:49  Zergling x8  
  127  10:56  Ravager x2  
  129  11:01  Zergling x10  
  129  11:02  Zergling x2  
  132  11:17  Roach x5  
  125  11:23  Zergling x6  
  125  11:24  Zergling x2  
  86  11:33  Roach  
  86  11:34  Roach x2  
  86  11:35  Roach  
  86  11:39  Ravager x3  
  95  11:45  Ravager  
  95  11:46  Ravager  
  95  11:47  Ravager  
  96  11:56  Ravager x2  
  96  11:57  Ravager x2  
  100  12:01  Ravager  
  100  12:02  Hatchery  
  100  12:09  Lair  
  100  12:14  Ravager  
  101  12:19  Zergling x2  
  101  12:20  Zergling x14  
  109  12:36  Roach x3  
  109  12:37  Roach x2  
  118  12:57  Ravager x5  
  123  13:00  Roach x5  
  133  13:12  Hydralisk Den  
  123  13:37  Ravager  
  123  13:38  Ravager x4  
  93  13:58  Roach x16  
  109  14:05  Roach x2  

Tags
 
Add a new tag
Caveats
  • Supply blocks, unpowered buildings, or Contaminate may cause inaccurate times.
  • Supply counts are checked every 10 seconds.